 Dungeon Crawl Stone Soup version 0.27-a0-1525-g1038ab4fd7 (webtiles) character file.

Game seed: 6680829915058503116

196 gimp the Skirmisher (level 6, -2/51 HPs)
             Began as a Formicid Monk on July 11, 2021.
             Slain by Blork the orc (4 damage)
             ... on level 4 of the Dungeon.
             The game lasted 00:08:25 (3704 turns).

gimp the Skirmisher (Formicid Monk)                 Turns: 3704, Time: 00:08:26

Health: -2/51      AC:  5    Str: 14 (17) XL:     6   Next: 4%
Magic:  6/6        EV: 11    Int:  7 (10) God:
Gold:   99         SH:  0    Dex: 11 (13) Spells: 5/5 levels left

rFire    . . .     SeeInvis +   a - +1 war axe (vorpal)
rCold    . . .     Faith    .   (no shield)
rNeg     . . .     Spirit   .   e - +0 ring mail
rPois    .         Reflect  .   (helmet unavailable)
rElec    .         Harm     .   (no cloak)
rCorr    .         Rampage  .   (no gloves)
Will     .....                  (no boots)
Stlth    +.........             (no amulet)
HPRegen  0.17/turn              (no ring)
MPRegen  0.10/turn              (no ring)

@: no status effects
A: permanent stasis, dig shafts and tunnels, antennae 3, four strong arms
a: Dig, Shaft Self


You were on level 4 of the Dungeon.
You visited 1 branch of the dungeon, and saw 4 of its levels.

You collected 99 gold pieces.

Inventory:

Hand Weapons
 a - a +1 vorpal war axe (weapon)
 b - a +0 hand axe
Missiles
 h - 9 poisoned darts
Armour
 d - a +0 robe
 e - a +0 ring mail (worn)
Scrolls
 c - 3 scrolls of identify
 i - a scroll of fog
 j - a scroll of magic mapping
Potions
 f - a potion of flight


   Skills:
 - Level 5.0 Fighting
 * Level 4.5 Axes
 + Level 2.3 Armour
 - Level 2.6 Dodging
 - Level 2.4 Stealth


You had 5 spell levels left.
You didn't know any spells.
Your spell library contained the following spells:

 Spells                   Type           Power      Damage    Failure   Level
 Passwall                 Tmut/Erth      0%         N/A       80%         2
 Frozen Ramparts          Ice            0%         1d2       95%         3
 Ice Form                 Ice/Tmut       0%         N/A       100%        4
 Summon Ice Beast         Ice/Summ       0%         N/A       100%        4
 Invisibility             Hex            0%         N/A       100%        6
 Swiftness                Air            Unusable   N/A       N/A         3

Dungeon Overview and Level Annotations

Branches:
Dungeon (4/15)
 Temple: D:4-7

Altars:
Makhleb
Vehumet
Wu Jian

Annotations:
D:2 Terence
D:4 Blork the orc


Innate Abilities, Weirdness & Mutations

You cannot be hasted, slowed, berserked, paralysed or teleported.
You can dig through walls and to a lower floor.
You have a pair of large antennae on your head. (SInv)
Your four strong arms can wield two-handed weapons with a shield.


Message History

You hit Blork the orc.
Blork the orc is heavily wounded.
Blork the orc hits you but does no damage.
Blork the orc hits you with a +0 short sword!
You take 7 damage, and have 22/51 hp.
You barely miss Blork the orc.
Blork the orc is heavily wounded.
Blork the orc hits you with a +0 short sword.
Blork the orc looks braver for a moment.
You take 3 damage, and have 19/51 hp.
You closely miss Blork the orc.
Blork the orc is heavily wounded.
Blork the orc screams, "I'll rip your head off!"
Blork the orc hits you with a +0 short sword.
* * * LOW HITPOINT WARNING * * *
Blork the orc hits you with a +0 short sword.
* * * LOW HITPOINT WARNING * * *
You take 8 damage, and have 11/51 hp.
It was a potion of degeneration.
There was something very wrong with that liquid.
You feel weakened.
You feel dopey.
You feel clumsy.
Blork the orc hits you with a +0 short sword!
* * * LOW HITPOINT WARNING * * *
Blork the orc barely misses you.
You take 7 damage, and have 4/51 hp.
It was a potion of haste.
Your stasis prevents you from being hasted.
Blork the orc hits you with a +0 short sword.
* * * LOW HITPOINT WARNING * * *
You take 2 damage, and have 2/51 hp.
Okay, then.
You aren't carrying any items that you can evoke.
Unknown command.
Okay, then.
Okay, then.
You slash Blork the orc!
Blork the orc is severely wounded.
Blork the orc hits you but does no damage.
Blork the orc hits you with a +0 short sword.
You die...

# ..##### #########
....... #........ ...(...
#........
.......##########........
.......o.................
.......#@......##........
.......#....(..##........
.........................
....##...$...............
..#. ###.................
. . ................... .
............>#######
........##.... #.#


You could see Blork the orc (fast).

Vanquished Creatures
  A hound (D:3)
  Jessica (D:2)
  An iguana (D:4)
  4 adders
  A worm (D:3)
  A dart slug (D:1)
  5 ball pythons
  7 endoplasms
  A giant cockroach (D:1)
  8 goblins
  8 hobgoblins
  8 jackals
  4 quokkas
  5 bats
  6 frilled lizards
  6 kobolds
  4 rats
  A butterfly (D:3)
72 creatures vanquished.

Notes
Turn   | Place    | Note
-------+----------+-------------------------------------------
     0 | D:1      | gimp the Formicid Monk began the quest for the Orb.
     0 | D:1      | Reached XP level 1. HP: 18/18 MP: 1/1
   220 | D:1      | Reached XP level 2. HP: 25/25 MP: 2/2
   268 | D:1      | Reached skill level 4 in Fighting
   288 | D:1      | Found a faded altar of an unknown god.
   582 | D:1      | Reached XP level 3. HP: 26/31 MP: 3/3
  1448 | D:2      | Reached skill level 5 in Fighting
  1639 | D:2      | Reached XP level 4. HP: 34/39 MP: 4/4
  1695 | D:2      | Noticed Terence
  1806 | D:2      | Noticed Jessica
  1826 | D:2      | You fall into a shaft and drop 1 floor!
  2189 | D:3      | Found a radiant altar of Vehumet.
  2249 | D:3      | Reached skill level 1 in Armour
  2249 | D:3      | Reached XP level 5. HP: 4/44 MP: 5/5
  2563 | D:2      | Killed Jessica
  3387 | D:3      | Found a burning altar of Makhleb.
  3394 | D:3      | Found an ornate altar of the Wu Jian Council.
  3687 | D:4      | Noticed Blork the orc
  3699 | D:4      | Reached XP level 6. HP: 29/51 MP: 6/6
  3703 | D:4      | HP: 2/51 [Blork the orc (2)]
  3704 | D:4      | Slain by Blork the orc

Illustrated notes

Levels and vault maps discovered:
D:1:      giann_horns, layout_loops_corners, ebering_ecumenical_altar_rust,
          hangedman_decor_growths
D:2:      layout_basic, uniq_jessica, uniq_terence
D:3:      layout_rooms, lemuel_coloured_pillars_altar, minitemple,
          hangedman_glass_garden, grunt_decor_arrowhead
D:4:      layout_rooms, kennysheep_mini, minmay_temple_entry_water_ring,
          uniq_blork_the_orc

Skill      XL: |  1  2  3  4  5 |
---------------+----------------+-----
Fighting       | 4 5 |  5.0
Armour         | 1 2 |  2.3
Axes           | 4 |  4.5
Dodging        | |  2.6
Stealth        | |  2.4

Action                   |  1- 3 |  4- 6 || total
-------------------------+-------+-------++-------
Melee: Hand axe          |   135 |   118 ||   253
       War axe           |       |    10 ||    10
 Abil: Dig               |     1 |     2 ||     3
       Shaft Self        |       |     1 ||     1
  Use: Potion            |       |     4 ||     4
       Scroll            |       |     4 ||     4
 Stab: Sleeping          |     2 |     1 ||     3
Armor: Robe              |     4 |       ||     4
       Ring mail         |    31 |    46 ||    77
Dodge: Dodged            |    94 |    86 ||   180

Table legend: (Time is in decaauts)
 A = Elapsed time spent in this place.
 B = Non-inter-level travel time spent in this place.
 C = Inter-level travel time spent in this place.
 D = Time resting spent in this place.
 E = Time spent auto-exploring this place.
 F = Levels seen in this place.
 G = Mean time per level.
                   A        B        C        D        E       F      G
               +--------+--------+--------+--------+--------+-----+--------+
         Total |   3742 |   3656 |     86 |    442 |   2414 |   4 |  935.5 |
       Dungeon |   3742 |   3656 |     86 |    442 |   2414 |   4 |  935.5 |
               +--------+--------+--------+--------+--------+-----+--------+

Top non-repeatable levels by time:
     D:1: 1390 daAuts
     D:3: 1352 daAuts
     D:2: 924 daAuts
     D:4: 76 daAuts
